 Dungeon Crawl Stone Soup version 0.17-a0-2220-g6fea741 (webtiles) character file.

27 radek the Conjurer (level 2, -7/15 HPs)
             Began as a Deep Elf Conjurer on Oct 28, 2015.
             Mangled by Terence
             ... wielding a +0 trident of protection
              (9 damage)
             ... on level 2 of the Dungeon.
             The game lasted 00:02:54 (1307 turns).

radek the Conjurer (Deep Elf Conjurer)              Turns: 1307, Time: 00:02:54

Health: -7/15      AC:  2    Str:  5    XL:     2   Next: 93%
Magic:  1/8        EV: 13    Int: 19    God:
Gold:   60         SH:  0    Dex: 15    Spells: 1 memorised, 6 levels left

rFire  . . .     SeeInvis .     g - +0 dagger
rCold  . . .     Clarity  .     a - +0 robe
rNeg   . . .     SustAt   .     (no shield)
rPois  .         Gourm    .     (no helmet)
rElec  .         Spirit   .     (no cloak)
rCorr  .         Warding  .     (no gloves)
rMut   .         Stasis   .     (no boots)
MR     .....                    (no amulet)
Stlth  ++........               (no ring)
                                (no ring)

@: not resistant to hostile enchantments, unstealthy
A: no striking features
a: no special abilities


You were on level 2 of the Dungeon.
You were not hungry.

You visited 1 branch of the dungeon, and saw 2 of its levels.

You collected 60 gold pieces.

Inventory:

Hand Weapons
 g - a +0 dagger (weapon)
Armour
 a - a +0 robe (worn)
Jewellery
 d - an uncursed ring of stealth {unknown}
Scrolls
 e - a scroll of recharging {unknown}
 h - a scroll of magic mapping {unknown}
 j - a scroll of blinking {unknown}
Potions
 f - a potion of might {unknown}
Books
 b - a book of Conjurations

   Spells                             Type                      Level
   a - Magic Dart                     Conjuration                  1
   b - Searing Ray                    Conjuration                  2
   c - Dazzling Spray                 Conjuration/Hexes            3
   d - Fulminant Prism                Conjuration/Hexes            4
   e - Iskenderun's Mystic Blast      Conjuration                  4
   f - Iskenderun's Battlesphere      Conjuration/Charms           5
Comestibles
 c - a bread ration
 i - a slice of pizza


   Skills:
 + Level 2.8 Dodging
 + Level 2.6 Stealth
 + Level 3.0 Spellcasting
 + Level 5.1 Conjurations


You had 6 spell levels left.
You knew the following spells:

 Your Spells              Type           Power        Failure   Level  Hunger
a - Magic Dart            Conj           ###.         1%          1    None


Dungeon Overview and Level Annotations

Branches:
Dungeon (2/15)

Altars:
Ashenzari
Fedhas

Annotations:
D:2 Terence


Message History

Terence closely misses you.
You hit Terence but do no damage.
Terence is heavily wounded.
Terence hits you with a trident of protection.
* * * LOW HITPOINT WARNING * * *
You hit Terence but do no damage.
Terence is heavily wounded.
Terence completely misses you.
You hit Terence but do no damage.
Terence is heavily wounded.
Terence barely misses you.
You hit Terence but do no damage.
Terence is heavily wounded.
Terence hits you with a trident of protection.
* * * LOW HITPOINT WARNING * * *
You hit Terence but do no damage.
Terence is heavily wounded.
Terence hits you with a trident of protection!
Ouch! That really hurt!
You die...

## #.#
#.........
##.#
#.###.########
##.####.....#
##......######
#..####.#
#.#.# #.#
######.## #.#
.........###.#
.####.###@##.#
... #@##.# ##.
#g##.. #. ...
# .## .. ..
#.#


You could see Terence and a hobgoblin.

Vanquished Creatures
  4 bats (D:1)
  A giant cockroach (D:1)
  4 hobgoblins (D:1)
  A giant gecko (D:1)
  A giant newt (D:1)
  3 goblins (D:1)
  4 jackals (D:1)
  4 kobolds (D:1)
  5 rats (D:1)
27 creatures vanquished.

Notes
Turn   | Place    | Note
--------------------------------------------------------------
     0 | D:1      | radek the Deep Elf Conjurer began the quest for the Orb.
     0 | D:1      | Reached XP level 1. HP: 10/10 MP: 6/6
   316 | D:1      | Reached XP level 2. HP: 15/15 MP: 2/8
   717 | D:1      | Reached skill level 5 in Conjurations
  1244 | D:2      | Found a blossoming altar of Fedhas.
  1244 | D:2      | Found a shattered altar of Ashenzari.
  1291 | D:2      | Noticed Terence
  1307 | D:2      | Mangled by Terence

Vault maps used:
D:1:      minmay_arrival_open_corners, serial_forest,
          infiniplex_forest_lined_4_way, infiniplex_forest_clump_tiny,
          infiniplex_forest_diagonal, infiniplex_forest_straight_5,
          infiniplex_forest_lined_4_way, infiniplex_forest_end_2,
          infiniplex_forest_end_2, minivault_14
D:2:      nicolae_overflow_hidden_temple, tso_altar, uniq_natasha, uniq_terence

Action                   || total
-------------------------++-------
Melee: Unarmed           ||     9
       Dagger            ||     7
 Cast: Magic Dart        ||    60
  Eat: Chunk             ||     1
